 Dungeon Crawl Stone Soup version 0.24.0-2-g5b39cebb1c (webtiles) character file.

Game seed: 522634552025800206, levelgen mode: deterministic

1866 inmateoo the Basher (level 8, 0/60 HPs)
             Began as a Mummy Monk on Oct 30, 2019.
             Was a Priest of Yredelemnul.
             Slain by a hornet (2 damage)
             ... on level 7 of the Dungeon.
             The game lasted 00:06:51 (8763 turns).

inmateoo the Basher (Mummy Monk)                    Turns: 8763, Time: 00:06:52

Health: 0/60       AC: 11    Str: 17    XL:     8   Next: 90%
Magic:  11/11      EV:  8    Int:  9    God:    Yredelemnul [***...]
Gold:   243        SH:  0    Dex: 16    Spells: 7/7 levels left

rFire    x . .     SeeInvis .   e - +0 morningstar
rCold    + . .     Gourm    .   (no shield)
rNeg     + + +     Faith    .   c - +1 chain mail
rPois    ∞         Spirit   .   (no helmet)
rElec    .         Reflect  .   i - +1 cloak {+Inv}
rCorr    .         Harm     .   (no gloves)
MR       +....                  (no boots)
Stlth    ..........             (no amulet)
HPRegen  0.20/turn              d - +2 ring of dexterity
MPRegen  0.12/turn              (no ring)

@: no status effects
A: no food or potions, fire vulnerability, cold resistance 1, negative energy
resistance 3, torment resistance, unbreathing
a: Recall Undead Slaves, Injury Mirror, Animate Dead, Renounce Religion, Evoke
Invisibility


You were on level 7 of the Dungeon.
You worshipped Yredelemnul.
Yredelemnul was most pleased with you.
You were not hungry.

You visited 1 branch of the dungeon, and saw 7 of its levels.

You collected 243 gold pieces.

Inventory:

Hand Weapons
 a - a +0 mace
 e - a +0 morningstar (weapon)
Missiles
 h - 2 throwing nets (quivered)
Armour
 c - a +1 chain mail (worn)
 i - a +1 cloak of invisibility (worn)
Jewellery
 d - a +2 ring of dexterity (left hand)
Scrolls
 b - 6 scrolls of identify
 f - 2 scrolls of remove curse
 g - 2 scrolls of teleportation
 j - 2 scrolls of amnesia


   Skills:
 - Level 4.0 Fighting
 + Level 8.2 Maces & Flails
 - Level 2.0 Armour
 - Level 3.0 Dodging
 - Level 1.5 Stealth
 + Level 4.5 Invocations


You had 7 spell levels left.
You didn't know any spells.
Your spell library was empty.

Dungeon Overview and Level Annotations

Branches:
Dungeon (7/15)             Temple (0/1) D:5

Altars:
Fedhas
Kikubaaqudgha
Qazlal
Wu Jian
Yredelemnul
The Shining One

Annotations:
D:6 Prince Ribbit


Innate Abilities, Weirdness & Mutations

You do not eat or drink.
Your flesh is vulnerable to fire.
You are immune to poison.
Your flesh is cold resistant. (rC+)
You are immune to negative energy. (rN+++)
You are immune to unholy pain and torment.
You can survive without breathing.


Message History

Unknown command.
Unknown command.
You hit the hornet but do no damage.
The hornet is almost dead.
The hornet stings you.
* * * LOW HITPOINT WARNING * * *
The hornet stings you!
* * * LOW HITPOINT WARNING * * *
Unknown command.
Unknown command.
You barely miss the hornet.
The hornet is almost dead.
The hornet stings you.
* * * LOW HITPOINT WARNING * * *
Unknown command.
You barely miss the hornet.
The hornet is almost dead.
The hornet stings you.
You die...
Yredelemnul claims you as an undead slave.

## .. .. #. #
#. #.# #.
#...#
#.##o###......
#..ooy@.......
#...5#######.#
#.... .......
###.... #.y..
....5 #.....


You could see a hornet, an orc wizard, a quasit and 2 orcs.

Vanquished Creatures
  A wraith (D:6)
  A sky beast (D:6)
  An ogre (D:5)
  A centaur (D:5)
  3 bullfrogs
  A gnoll sergeant (D:5)
  5 crimson imps
  A centaur zombie (D:6)
  6 hounds
  A centaur skeleton (D:5)
  2 orc priests
  A gnoll shaman (D:5)
  Crazy Yiuf (D:5)
  A bullfrog skeleton (D:6)
  An iguana (D:5)
  4 orc wizards
  7 worker ants
  20 gnolls
  3 adders
  An ooze (D:5)
  2 worms (D:2)
  An adder skeleton (D:4)
  3 leopard geckos
  21 orcs
  8 bats
  3 giant cockroaches
  6 goblins
  10 hobgoblins
  3 jackals (D:3)
  7 kobolds
  A quokka (D:5)
  A ball python (D:1)
  8 frilled lizards
  A leopard gecko skeleton (D:6)
  5 rats
142 creatures vanquished.

Notes
Turn   | Place    | Note
-------+----------+-------------------------------------------
     0 | D:1      | inmateoo the Mummy Monk began the quest for the Orb.
     0 | D:1      | Reached XP level 1. HP: 18/18 MP: 1/1
   174 | D:1      | Reached skill level 3 in Maces & Flails
   174 | D:1      | Reached XP level 2. HP: 23/24 MP: 2/2
  1417 | D:2      | Reached XP level 3. HP: 29/29 MP: 3/3
  1793 | D:3      | Found an ancient bone altar of Kikubaaqudgha.
  1894 | D:3      | Found a glowing golden altar of the Shining One.
  1910 | D:3      | Found a stormy altar of Qazlal.
  2021 | D:3      | Reached skill level 4 in Maces & Flails
  2154 | D:3      | Reached XP level 4. HP: 35/35 MP: 4/4
  2261 | D:3      | Found an ornate altar of the Wu Jian Council.
  3088 | D:3      | Reached XP level 5. HP: 28/41 MP: 5/5
  3201 | D:3      | Reached skill level 5 in Maces & Flails
  3827 | D:3      | Reached XP level 6. HP: 26/47 MP: 6/6
  4442 | D:4      | Reached skill level 6 in Maces & Flails
  5252 | D:4      | Found a basalt altar of Yredelemnul.
  5298 | D:4      | Became a worshipper of Yredelemnul the Dark
  5298 | D:4      | Reached * piety under Yredelemnul
  5298 | D:4      | Reached ** piety under Yredelemnul
  5302 | D:4      | Reached XP level 7. HP: 46/52 MP: 7/7
  5674 | D:5      | Entered Level 5 of the Dungeon
  5848 | D:5      | Reached skill level 7 in Maces & Flails
  5848 | D:5      | Reached skill level 1 in Invocations
  6034 | D:5      | Reached skill level 1 in Armour
  6566 | D:5      | Found a runed translucent door.
  6567 | D:5      | Noticed Crazy Yiuf
  6760 | D:4      | Reached XP level 8. HP: 59/60 MP: 9/9
  7389 | D:5      | Found a staircase to the Ecumenical Temple.
  7786 | D:5      | Killed Crazy Yiuf
  7786 | D:5      | Reached *** piety under Yredelemnul
  8428 | D:6      | Reached skill level 8 in Maces & Flails
  8530 | D:6      | Noticed Prince Ribbit
  8683 | D:6      | Found a blossoming altar of Fedhas.
  8748 | D:7      | Noticed a hornet
  8761 | D:7      | HP: 2/60 [hornet (11)]
  8763 | D:7      | Slain by a hornet

Levels and vault maps discovered:
D:1:      mrwooster_arrival_statue_3, layout_basic
D:2:      layout_rooms
D:3:      layout_basic, kiku_gazebo_pond_becter, old_standard_altar,
          lemuel_doored_altar, first_ration, tso_metal_star
D:4:      layout_cave_pods, kennysheep_mini_moat
D:5:      layout_loops_corners, minmay_temple_entry_large_hall,
          uniq_crazy_yiuf_cottage
D:6:      layout_gridville, fedhas_altar_1, uniq_prince_ribbit1
D:7:      layout_loops_ring, amethyst_overflow_temple_binary, basic_altar,
          grunt_livestock

Skill      XL: |  1  2  3  4  5  6  7  8 |
---------------+-------------------------+-----
Maces & Flails | 3 4 5 6 7 8 |  8.2
Invocations    | 1 4 |  4.5
Armour         | 1 2 |  2.0
Dodging        | 3 |  3.0
Fighting       | 4 |  4.0
Stealth        | |  1.5

Action                   |  1- 3 |  4- 6 |  7- 9 || total
-------------------------+-------+-------+-------++-------
Melee: Mace              |   177 |     4 |       ||   181
       Morningstar       |       |   148 |   310 ||   458
Throw: Throwing net      |       |       |     2 ||     2
  Use: Scroll            |     4 |       |     2 ||     6
Armor: Chain mail        |   109 |   123 |   186 ||   418
Dodge: Dodged            |    75 |    88 |   145 ||   308
